 Dungeon Crawl Stone Soup version 0.20.0-8-g6b59dc7 (webtiles) character file.

38 4thArraOfDagon the Slasher (level 3, -3/30 HPs)
             Began as a Minotaur Warper on June 1, 2017.
             Killed from afar by a frilled lizard (22 damage)
             ... with an exploding inner flame
             ... hexed by the player character
             ... on level 3 of the Dungeon.
             The game lasted 00:01:36 (226 turns).

4thArraOfDagon the Slasher (Minotaur Warper)         Turns: 226, Time: 00:01:37

Health: -3/30      AC:  8    Str: 15    XL:     3   Next: 25%
Magic:  4/4        EV:  7    Int: 11    God:
Gold:   0          SH:  0    Dex:  9    Spells: 2/4 levels left

rFire    . . .     SeeInvis .   a - +0 falchion
rCold    . . .     Gourm    .   (no shield)
rNeg     . . .     Faith    .   k - +0 chain mail
rPois    .         Spirit   .   (helmet restricted)
rElec    .         Reflect  .   (no cloak)
rCorr    .         Harm     .   (no gloves)
MR       .....                  (no boots)
Stlth    ..........             (no amulet)
Regen    0.1/turn               h - +1 ring of slaying
MPRegen  0.1/turn               (no ring)

@: no status effects
A: retaliatory headbutt, horns 2
a: no special abilities


You were on level 3 of the Dungeon.
You were not hungry.

You visited 1 branch of the dungeon, and saw 3 of its levels.

Inventory:

Hand Weapons
 a - a +0 falchion (weapon)
Missiles
 e - 4 tomahawks of dispersal (quivered)
Armour
 b - a +0 leather armour
 k - a +0 chain mail (worn)
Jewellery
 h - a +1 ring of slaying (left hand)
Scrolls
 d - a scroll of blinking
 g - a scroll of teleportation {unknown}
 i - a scroll of fog {unknown}
Books
 c - a book of Spatial Translocations

   Spells                             Type                      Level
   a - Blink                          Translocation                2
   b - Shroud of Golubria             Charms/Translocation         2
   c - Lesser Beckoning               Translocation                3
   d - Gell's Gravitas                Translocation                3
   e - Teleport Other                 Translocation                3
   f - Passage of Golubria            Translocation                4
Comestibles
 f - a bread ration


   Skills:
 + Level 2.8 Fighting
 * Level 3.6 Long Blades
 - Level 1.0 Throwing
 + Level 2.0 Armour
 + Level 2.5 Dodging
 - Level 1.3 Spellcasting
 - Level 2.1 Translocations


You had 2 spell levels left.
You knew the following spells:

 Your Spells              Type           Power        Failure   Level  Hunger
a - Blink                 Tloc           N/A          99%         2    ###....


Dungeon Overview and Level Annotations

Branches:
Dungeon (3/15)

Altars:

Annotations:
D:3 Natasha


Innate Abilities, Weirdness & Mutations

You reflexively headbutt those who attack you in melee.
You have a pair of horns on your head.


Message History

Unknown command.
The hobgoblin shouts!
Unknown command.
You aren't carrying any potions.
As you read the scroll labeled OCROTR IKLUATZ, it crumbles to dust.
It is a scroll of amnesia.
Forget which spell ([?*] list [ESC] exit)?
Forget which spell ([?*] list [ESC] exit)?
Okay, then.
Unknown command.
As you read the scroll labeled CYARAHOUTZ, it crumbles to dust.
The creatures around you are filled with an inner flame!
It was a scroll of immolation.
The frilled lizard closely misses you.
You riposte.
You hit the frilled lizard.
The frilled lizard explodes!
The fiery explosion engulfs the hobgoblin.
The hobgoblin explodes!
The fiery explosion engulfs you!
Ouch! That really hurt!
You die...

..... ...... .....
.b... ...... ....
.... ..... .§§#
...h## #.......#
#§§#.#..$#.
........##
#§§.#h....
.........#
#@#....#
.........# ##...#
.........# ##...##
.........# ##....#
.........###..#..#
.(.....(....)##..#
........<####)...#
K....o....###.##.#
...........##.##.#


You could see a bat.

Vanquished Creatures
  2 adders (D:2)
  A dart slug (D:2)
  2 orcs (D:3)
  A giant cockroach (D:3)
  A goblin (D:1)
  A hobgoblin (D:3)
  4 jackals (D:2)
  A kobold (D:2)
  A bat (D:2)
  2 rats
16 creatures vanquished.

Notes
Turn   | Place    | Note
-------+----------+-------------------------------------------
     0 | D:1      | 4thArraOfDagon the Minotaur Warper began the quest for the Orb.
     0 | D:1      | Reached XP level 1. HP: 18/18 MP: 1/1
    34 | D:2      | Reached skill level 3 in Long Blades
    34 | D:2      | Reached XP level 2. HP: 20/25 MP: 3/3
   110 | D:2      | Reached XP level 3. HP: 13/30 MP: 4/4
   118 | D:2      | Learned a level 2 spell: Blink
   202 | D:3      | Noticed a big kobold
   221 | D:3      | Noticed Natasha
   226 | D:3      | Killed from afar by a frilled lizard

Skill      XL: |  1  2 |
---------------+-------+-----
Long Blades    | 3 |  3.6
Armour         | 2 |  2.0
Fighting       | |  2.8
Throwing       | |  1.0
Dodging        | |  2.5
Spellcasting   | |  1.3
Translocations | |  2.1

Action                   || total
-------------------------++-------
Melee: Falchion          ||    32
       Headbutt          ||     5
Throw: Tomahawk          ||     1
  Use: Scroll            ||     2
Armor: Leather armour    ||     6
       Chain mail        ||     2
Dodge: Dodged            ||    24
       Rpst.: Falchion   ||     6
